 Dungeon Crawl Stone Soup version 0.24.1-14-gf8d2b509d9 (webtiles) character file.

Game seed: 5403486983654500524, levelgen mode: deterministic

7 Descartes the Grasshopper (level 1, 0/9 HPs)
             Began as a Felid Warper on June 2, 2020.
             Slain by a jackal (3 damage)
             ... on level 1 of the Dungeon.
             The game lasted 00:00:22 (77 turns).

Descartes the Grasshopper (Felid Warper)              Turns: 77, Time: 00:00:23

Health: 0/9        AC:  1    Str:  7    XL:     1   Next: 83%
Magic:  4/4        EV: 18    Int: 14    God:
Gold:   20         SH:  0    Dex: 15    Spells: 4/4 levels left
                                        Lives:  0   Deaths: 0

rFire    . . .     SeeInvis +     - Unarmed
rCold    . . .     Gourm    .   (shield unavailable)
rNeg     . . .     Faith    .   (armour unavailable)
rPois    .         Spirit   .   (helmet unavailable)
rElec    .         Reflect  .   (cloak unavailable)
rCorr    .         Harm     .   (gloves unavailable)
MR       .....                  (boots unavailable)
Stlth    ++........             (no amulet)
HPRegen  0.03/turn              (no ring)
MPRegen  0.09/turn              (no ring)

@: quick
A: very small, no armour, no weapons or thrown items, stealth, claws 1, fangs 3,
see invisible, carnivore, speed 1, shaggy fur 1, slow metabolism 1, sharp paws
a: no special abilities


You were on level 1 of the Dungeon.
You were full.

You visited 1 branch of the dungeon, and saw 1 of its levels.

You collected 20 gold pieces.

Inventory:

Scrolls
 a - 2 scrolls of remove curse {unknown}
 b - a scroll of blinking
Potions
 d - a potion of flight {unknown}
Comestibles
 c - 2 rations


   Skills:
 + Level 2.1 Fighting
 + Level 3.3 Dodging
 * Level 1.1 Stealth
 * Level 2.2 Unarmed Combat
 - Level 2.0 Spellcasting
   Level 4.4 Translocations


You had 4 spell levels left.
You didn't know any spells.
Your spell library contained the following spells:

 Spells                   Type           Power        Failure   Level  Hunger
 Blink                    Tloc           N/A          6%          2    ###....
 Gell's Gravitas          Tloc           ##........   12%         3    ####...
 Lesser Beckoning         Tloc           ##........   12%         3    ####...
 Teleport Other           Tloc           ##......     12%         3    ####...
 Shroud of Golubria       Chrm/Tloc      #.....       14%         2    ###....
 Passage of Golubria      Tloc           N/A          36%         4    #####..


Dungeon Overview and Level Annotations

Branches:
Dungeon (1/15)

Altars:


Innate Abilities, Weirdness & Mutations

You cannot wear armour.
You are incapable of wielding weapons or throwing items.
Your paws allow you to move quietly. (Stealth)
You have sharp claws.
You have razor-sharp teeth.
You have supernaturally acute eyesight. (SInv)
You are carnivorous and can eat meat at any time.
You cover ground quickly.
You are covered in fur. (AC +1)
You have a slow metabolism.
Your sharp claws are effective at attacking unaware monsters.


Message History

There is an open door here.
c - 2 rations (gained 1)
A jackal comes into view.
A jackal is nearby!
A jackal comes into view.
A leopard gecko comes into view.
You scratch the jackal.
The jackal is moderately wounded.
The jackal barks!
The leopard gecko hisses angrily.
The jackal bites you. The jackal closely misses you.
You scratch the jackal.
The jackal is almost dead.
The jackal completely misses you.
You scratch the jackal.
You kill the jackal!
The jackal barely misses you.
You scratch the jackal.
The jackal is severely wounded.
The jackal bites you. x2
You die...

#######'###......
#.........#......
#^........#######
#.........#
#.........#
#.........#
#####.$.......#
#.............#
###
#...@.........#
#..
.......†h........#
#..
........######+###
#.. ....l...# #..
.......## #..
....... ###
....... .......


You could see a leopard gecko and a jackal.

Vanquished Creatures
  A dart slug (D:1)
  A bat (D:1)
  A goblin (D:1)
  A jackal (D:1)
4 creatures vanquished.

Notes
Turn   | Place    | Note
-------+----------+-------------------------------------------
     0 | D:1      | Descartes the Felid Warper began the quest for the Orb.
     0 | D:1      | Reached XP level 1. HP: 9/9 MP: 4/4
    46 | D:1      | Reached skill level 1 in Stealth
    77 | D:1      | Slain by a jackal

Levels and vault maps discovered:
D:1:      minmay_arrival_stone_box, layout_basic

Skill      XL: |  1 |
---------------+----+-----
Stealth        | 1 |  1.1
Fighting       | |  2.1
Dodging        | |  3.3
Unarmed Combat | |  2.2
Spellcasting   | |  2.0
Translocations | |  4.4

Action                   || total
-------------------------++-------
Melee: Unarmed           ||    10
 Stab: Distracted        ||     1
  Eat: Chunk             ||     3
Dodge: Dodged            ||     4
